| TOP OF THE 1ST |
|
San Diego Padres batting - Pitching for Los Angeles Dodgers : RHP Michael Walsh
|
|
Pitching: RHP Michael Walsh
|
|
|
Batting: RHB Hildo Pot
|
0-0: Fly out, F8 (Flyball, 8RXD, EV 95.0 MPH)
|
|
Batting: SHB Phil Zacharia
|
0-0: Foul Ball, location: 2F 0-1: Foul Ball, location: 2F 0-2: Ball 1-2: Foul Ball, location: 2F 1-2: Ball 2-2: SINGLE (Groundball, 4MD, EV 96.9 MPH)
|
|
Batting: LHB Mike Holt
|
0-0: Ball 1-0: Ball 2-0: Ball 3-0: Called Strike 3-1: SINGLE (Groundball, 34, EV 96.9 MPH) (infield hit) Phil Zacharia to second
|
|
Batting: RHB Elijah Campbell
|
0-0: Foul Ball, location: 2F 0-1: SINGLE (Groundball, 25, EV 76.2 MPH) (infield hit) Phil Zacharia to third Mike Holt to second
|
|
Batting: RHB Eisse Bravenboer
|
0-0: Called Strike 0-1: Swinging Strike 0-2: Ball 1-2: Fly out, F9 (Line Drive, 9LM, EV 98.8 MPH) Runner from 3rd tags up, SCORES, no throw by RF
|
|
Batting: LHB Carlos Cuellar
|
0-0: Fielders Choice at 2nd, 6-4 (Groundball, 56, EV 85.0 MPH)
|
| Top of the 1st over - 1 run, 3 hits, 0 errors, 2 left on base; San Diego 1 - Los Angeles 0 |
| BOTTOM OF THE 1ST |
|
Los Angeles Dodgers batting - Pitching for San Diego Padres : RHP Isaac Spikes
|
|
Pitching: RHP Isaac Spikes
|
|
|
Batting: SHB Joel Baker
|
0-0: Ball 1-0: Ball 2-0: Foul Ball, location: 2F 2-1: Foul Ball, location: 2F 2-2: Ball 3-2: Base on Balls
|
|
Batting: RHB Tsutomu Irie
|
0-0: Called Strike 0-1: Ball 1-1: Called Strike 1-2: Foul Ball, location: 2F 1-2: Grounds into double play, 6-4-3 (Groundball, 6, EV 87.5 MPH)
|
|
Batting: SHB Shane Marcum
|
0-0: Ground out 5-3 (Groundball, 56S, EV 68.8 MPH)
|
| Bottom of the 1st over - 0 runs, 0 hits, 0 errors, 0 left on base; San Diego 1 - Los Angeles 0 |
| TOP OF THE 2ND |
|
San Diego Padres batting - Pitching for Los Angeles Dodgers : RHP Michael Walsh
|
|
Batting: RHB Masashi Yukizawa
|
0-0: SINGLE (Line Drive, 9LS, EV 95.6 MPH)
|
|
Batting: RHB Rodolfo Rivera
|
0-0: Ball 1-0: Hit by Pitch Masashi Yukizawa to second
|
|
Batting: RHB Wally Cangro
|
0-0: Ball 1-0: Ball 2-0: Called Strike 2-1: Foul Ball, location: 2F 2-2: Strikes out looking
|
|
Batting: RHB Hildo Pot
|
0-0: Ball 1-0: Ball 2-0: Called Strike 2-1: Called Strike 2-2: Grounds out, U3 (Groundball, 3L, EV 105.6 MPH) Masashi Yukizawa to third
|
|
Batting: SHB Phil Zacharia
|
0-0: Ball 1-0: Called Strike 1-1: Ball 2-1: Swinging Strike 2-2: Foul Ball, location: 2F 2-2: Foul Ball, location: 2F 2-2: DOUBLE (Line Drive, 9LS, EV 98.8 MPH) Masashi Yukizawa scores Rodolfo Rivera scores
|
|
Batting: LHB Mike Holt
|
0-0: Called Strike 0-1: Ball 1-1: Ground out 5-3 (Groundball, 56, EV 84.4 MPH)
|
| Top of the 2nd over - 2 runs, 2 hits, 0 errors, 1 left on base; San Diego 3 - Los Angeles 0 |
| BOTTOM OF THE 2ND |
|
Los Angeles Dodgers batting - Pitching for San Diego Padres : RHP Isaac Spikes
|
|
Batting: LHB Juan Concepcion
|
0-0: Ball 1-0: Ball 2-0: Called Strike 2-1: Ball 3-1: Base on Balls
|
|
Batting: LHB Stephen Van Raalte
|
0-0: Called Strike 0-1: Foul Ball, location: 2F 0-2: Ball 1-2: Ball 2-2: Ground out 5-3 (Groundball, 6S, EV 71.2 MPH) Juan Concepcion to second
|
|
Batting: RHB Danny Dyer
|
0-0: Foul Ball, location: 2F 0-1: Foul Ball, location: 2F 0-2: Hit by Pitch
|
|
Batting: RHB Tim Nettles
|
0-0: Called Strike 0-1: Swinging Strike 0-2: Ball 1-2: Ball 2-2: Strikes out looking
|
|
Batting: RHB Ben Mischnick
|
0-0: Foul Ball, location: 2F 0-1: Ball 1-1: Foul Ball, location: 2F 1-2: Foul Ball, location: 2F 1-2: Ball 2-2: SINGLE (Flyball, 78S, EV 87.5 MPH) Juan Concepcion to third Danny Dyer to second
|
|
Batting: RHB Leonardo Nava
|
0-0: Called Strike 0-1: Ball 1-1: Foul Ball, location: 2F 1-2: Ball 2-2: Fly out, F7 (Flyball, 7LS, EV 77.5 MPH)
|
| Bottom of the 2nd over - 0 runs, 1 hit, 0 errors, 3 left on base; San Diego 3 - Los Angeles 0 |
| TOP OF THE 3RD |
|
San Diego Padres batting - Pitching for Los Angeles Dodgers : RHP Michael Walsh
|
|
Batting: RHB Elijah Campbell
|
0-0: DOUBLE (Flyball, 7LD, EV 101.2 MPH)
|
|
Batting: RHB Eisse Bravenboer
|
0-0: Swinging Strike 0-1: Fly out, F9 (Flyball, 89S, EV 78.1 MPH)
|
|
Batting: LHB Carlos Cuellar
|
0-0: Called Strike 0-1: Ball 1-1: SINGLE (Groundball, 34S, EV 68.8 MPH) (infield hit) Elijah Campbell to third
|
|
Batting: RHB Masashi Yukizawa
|
0-0: Ball 1-0: Ball 2-0: Called Strike 2-1: Ground out 6-3 (Groundball, 6MS, EV 71.9 MPH) Elijah Campbell scores Carlos Cuellar to second
|
|
Batting: RHB Rodolfo Rivera
|
0-0: Called Strike 0-1: Fly out, F9 (Flyball, 89M, EV 76.9 MPH)
|
| Top of the 3rd over - 1 run, 2 hits, 0 errors, 1 left on base; San Diego 4 - Los Angeles 0 |
| BOTTOM OF THE 3RD |
|
Los Angeles Dodgers batting - Pitching for San Diego Padres : RHP Isaac Spikes
|
|
Batting: SHB Joel Baker
|
0-0: Ball 1-0: Ball 2-0: SOLO HOME RUN (Flyball, 7LD, EV 90.6 MPH), Distance : 350 ft
|
|
Batting: RHB Tsutomu Irie
|
0-0: Ball 1-0: SINGLE (Groundball, 34D, EV 106.2 MPH)
|
|
Batting: SHB Shane Marcum
|
0-0: Swinging Strike 0-1: Ball 1-1: Swinging Strike 1-2: Ball 2-2: Ball 3-2: Base on Balls Tsutomu Irie to second
|
|
Batting: LHB Juan Concepcion
|
0-0: Called Strike 0-1: Ball 1-1: Ball 2-1: Ball 3-1: Called Strike 3-2: Foul Ball, location: 2F 3-2: Base on Balls Tsutomu Irie to third Shane Marcum to second
|
|
Batting: LHB Stephen Van Raalte
|
0-0: Ball 1-0: Ball 2-0: Swinging Strike 2-1: Foul Ball, location: 2F 2-2: Strikes out swinging
|
|
Batting: RHB Danny Dyer
|
0-0: Called Strike 0-1: Ball 1-1: Ball 2-1: Foul Ball, location: 2F 2-2: Ball 3-2: Strikes out swinging
|
|
Batting: RHB Tim Nettles
|
0-0: Ball 1-0: GRAND SLAM HOME RUN (Flyball, 7D, EV 99.4 MPH), Distance : 363 ft
|
|
Batting: RHB Ben Mischnick
|
0-0: Ball 1-0: Swinging Strike 1-1: Foul Ball, location: 2F 1-2: Reached on error, E4 (Groundball, 34, EV 84.4 MPH)
|
|
Batting: RHB Leonardo Nava
|
0-0: Ball 1-0: Called Strike 1-1: Called Strike 1-2: Foul Ball, location: 2F 1-2: SINGLE (Line Drive, 5D, EV 108.1 MPH) Ben Mischnick to third
|
|
Batting: SHB Joel Baker
|
0-0: Ball 1-0: Swinging Strike 1-1: Ball 2-1: Foul Ball, location: 2F 2-2: Ball 3-2: Strikes out swinging
|
| Bottom of the 3rd over - 5 runs, 4 hits, 1 error, 2 left on base; San Diego 4 - Los Angeles 5 |
| TOP OF THE 4TH |
|
San Diego Padres batting - Pitching for Los Angeles Dodgers : RHP Michael Walsh
|
|
Batting: RHB Wally Cangro
|
0-0: Foul Ball, location: 2F 0-1: Ball 1-1: SOLO HOME RUN (Flyball, 9D, EV 99.4 MPH), Distance : 372 ft
|
|
Pitching: RHP Nate Allen
|
|
|
Batting: RHB Hildo Pot
|
0-0: Called Strike 0-1: Foul Ball, location: 2F 0-2: Ball 1-2: Ball 2-2: Foul Ball, location: 2F 2-2: Ball 3-2: Foul Ball, location: 2F 3-2: Strikes out looking
|
|
Batting: SHB Phil Zacharia
|
0-0: Called Strike 0-1: SOLO HOME RUN (Flyball, 89XD, EV 115.6 MPH), Distance : 436 ft
|
|
Batting: LHB Mike Holt
|
0-0: Foul Ball, location: 2F 0-1: Ball 1-1: Called Strike 1-2: Ball 2-2: Ball 3-2: Base on Balls
|
|
Batting: RHB Elijah Campbell
|
0-0: Called Strike 0-1: Foul Ball, location: 2F 0-2: 2-RUN HOME RUN (Flyball, 78XD, EV 101.9 MPH), Distance : 411 ft
|
|
Pitching: LHP Gavin White
|
|
|
Batting: RHB Eisse Bravenboer
|
0-0: Foul Ball, location: 2F 0-1: Ball 1-1: Ground out 4-3 (Groundball, 4, EV 85.0 MPH)
|
|
Batting: LHB Carlos Cuellar
|
0-0: Ball 1-0: Called Strike 1-1: Ball 2-1: Called Strike 2-2: Ball 3-2: Foul Ball, location: 2F 3-2: Foul Ball, location: 2F 3-2: DOUBLE (Groundball, 3L, EV 97.5 MPH)
|
|
Batting: RHB Masashi Yukizawa
|
0-0: Called Strike 0-1: Ball 1-1: Called Strike 1-2: Ball 2-2: Strikes out swinging
|
| Top of the 4th over - 4 runs, 4 hits, 0 errors, 1 left on base; San Diego 8 - Los Angeles 5 |
| BOTTOM OF THE 4TH |
|
Los Angeles Dodgers batting - Pitching for San Diego Padres : RHP Isaac Spikes
|
|
Batting: RHB Tsutomu Irie
|
0-0: Ground out 6-3 (Groundball, 6, EV 86.9 MPH)
|
|
Batting: SHB Shane Marcum
|
0-0: Foul Ball, location: 2F 0-1: Ball 1-1: Ball 2-1: Foul Ball, location: 2F 2-2: Fly out, F4 (Flyball, 4D, EV 92.5 MPH)
|
|
Batting: LHB Juan Concepcion
|
0-0: Ball 1-0: Ball 2-0: Ball 3-0: Called Strike 3-1: Foul Ball, location: 2F 3-2: Fly out, F8 (Flyball, 8LS, EV 78.1 MPH)
|
| Bottom of the 4th over - 0 runs, 0 hits, 0 errors, 0 left on base; San Diego 8 - Los Angeles 5 |
| TOP OF THE 5TH |
|
San Diego Padres batting - Pitching for Los Angeles Dodgers : LHP Gavin White
|
|
Batting: RHB Rodolfo Rivera
|
0-0: Called Strike 0-1: Foul Ball, location: 2F 0-2: Ball 1-2: Strikes out looking
|
|
Batting: RHB Wally Cangro
|
0-0: Called Strike 0-1: Foul Ball, location: 2F 0-2: SINGLE (Line Drive, 8RS, EV 109.4 MPH)
|
|
Batting: RHB Hildo Pot
|
0-0: Ball 1-0: Ball 2-0: Ball 3-0: Base on Balls Wally Cangro to second
|
|
Batting: SHB Phil Zacharia
|
0-0: Called Strike 0-1: Foul Ball, location: 2F 0-2: Ball 1-2: Ball 2-2: Fly out, F8 (Line Drive, 8LM, EV 86.2 MPH)
|
|
Batting: LHB Mike Holt
|
0-0: Ball 1-0: Foul Ball, location: 2F 1-1: Swinging Strike 1-2: Foul Ball, location: 2F 1-2: Foul Ball, location: 2F 1-2: Strikes out swinging
|
| Top of the 5th over - 0 runs, 1 hit, 0 errors, 2 left on base; San Diego 8 - Los Angeles 5 |
| BOTTOM OF THE 5TH |
|
Los Angeles Dodgers batting - Pitching for San Diego Padres : RHP Isaac Spikes
|
|
Pitching: RHP Raul Almonte
|
|
|
Batting: LHB Stephen Van Raalte
|
0-0: Ground out 6-3 (Groundball, 4S, EV 84.4 MPH)
|
|
Batting: RHB Danny Dyer
|
0-0: Ball 1-0: Ball 2-0: Ground out U3 (Groundball, 3S, EV 70.6 MPH)
|
|
Batting: RHB Tim Nettles
|
0-0: Ball 1-0: Ball 2-0: Ground out 4-3 (Groundball, 4, EV 103.1 MPH)
|
| Bottom of the 5th over - 0 runs, 0 hits, 0 errors, 0 left on base; San Diego 8 - Los Angeles 5 |
| TOP OF THE 6TH |
|
San Diego Padres batting - Pitching for Los Angeles Dodgers : LHP Gavin White
|
|
Pitching: RHP Jon Schau
|
|
|
Batting: RHB Elijah Campbell
|
0-0: Ball 1-0: Foul Ball, location: 2F 1-1: Ground out U3 (Groundball, 13, EV 87.5 MPH)
|
|
Batting: RHB Eisse Bravenboer
|
0-0: Ball 1-0: Foul Ball, location: 2F 1-1: Fly out, F8 (Line Drive, 89M, EV 91.9 MPH)
|
|
Batting: LHB Carlos Cuellar
|
0-0: Called Strike 0-1: SOLO HOME RUN (Line Drive, 9LD, EV 98.1 MPH), Distance : 352 ft
|
|
Batting: RHB Masashi Yukizawa
|
0-0: Called Strike 0-1: Called Strike 0-2: Ball 1-2: TRIPLE (Line Drive, 89XD, EV 108.8 MPH)
|
|
Batting: RHB Rodolfo Rivera
|
0-0: Ball 1-0: Foul Ball, location: 2F 1-1: Foul Ball, location: 2F 1-2: Strikes out swinging
|
| Top of the 6th over - 1 run, 2 hits, 0 errors, 1 left on base; San Diego 9 - Los Angeles 5 |
| BOTTOM OF THE 6TH |
|
Los Angeles Dodgers batting - Pitching for San Diego Padres : RHP Raul Almonte
|
|
Batting: RHB Ben Mischnick
|
0-0: Ball 1-0: Called Strike 1-1: Ball 2-1: Ground out 4-3 (Groundball, 34, EV 88.1 MPH)
|
|
Batting: RHB Leonardo Nava
|
0-0: Foul Ball, location: 2F 0-1: Fly out, F3 (Popup, 3S, EV 78.1 MPH)
|
|
Batting: SHB Joel Baker
|
0-0: SINGLE (Line Drive, 8RS, EV 96.9 MPH)
|
|
Batting: RHB Tsutomu Irie
|
0-0: Ball 1-0: Called Strike 1-1: Foul Ball, location: 2F 1-2: Ball 2-2: Ball 3-2: SINGLE (Groundball, 56S, EV 67.5 MPH) (infield hit) Joel Baker to second
|
|
Batting: SHB Shane Marcum
|
0-0: Called Strike 0-1: Ball 1-1: Ball 2-1: Ball 3-1: Base on Balls Joel Baker to third Tsutomu Irie to second
|
|
Batting: LHB Juan Concepcion
|
0-0: Called Strike 0-1: Fly out, F6 (Line Drive, 4MD, EV 61.2 MPH)
|
| Bottom of the 6th over - 0 runs, 2 hits, 0 errors, 3 left on base; San Diego 9 - Los Angeles 5 |
| TOP OF THE 7TH |
|
San Diego Padres batting - Pitching for Los Angeles Dodgers : RHP Jon Schau
|
|
Batting: RHB Wally Cangro
|
0-0: Called Strike 0-1: Ground out 5-3 (Groundball, 56S, EV 91.9 MPH)
|
|
Batting: RHB Hildo Pot
|
0-0: SINGLE (Line Drive, 8LS, EV 104.4 MPH)
|
|
Batting: SHB Phil Zacharia
|
0-0: Ball 1-0: Called Strike Hildo Pot steals 2nd base 1-1: Intentional Walk
|
|
Batting: LHB Mike Holt
|
0-0: Swinging Strike 0-1: Foul Ball, location: 2F 0-2: Foul Ball, location: 2F 0-2: Strikes out swinging
|
|
Batting: RHB Elijah Campbell
|
0-0: Ball 1-0: Swinging Strike 1-1: Foul Ball, location: 2F 1-2: Hit by Pitch Hildo Pot to third Phil Zacharia to second
|
|
Pitching: RHP Craig Fallon
|
|
|
Batting: RHB Eisse Bravenboer
|
0-0: SINGLE (Groundball, 56S, EV 68.1 MPH) (infield hit) Hildo Pot scores Phil Zacharia to third Elijah Campbell to second
|
|
Batting: LHB Carlos Cuellar
|
0-0: Ball 1-0: Foul Ball, location: 2F 1-1: Fly out, F5 (Line Drive, 56, EV 66.9 MPH)
|
| Top of the 7th over - 1 run, 2 hits, 0 errors, 3 left on base; San Diego 10 - Los Angeles 5 |
| BOTTOM OF THE 7TH |
|
Los Angeles Dodgers batting - Pitching for San Diego Padres : RHP Raul Almonte
|
|
Batting: LHB Stephen Van Raalte
|
0-0: Ball 1-0: Called Strike 1-1: Ball 2-1: DOUBLE (Line Drive, 9LM, EV 111.2 MPH)
|
|
Batting: RHB Danny Dyer
|
0-0: Ball Wild Pitch! Stephen Van Raalte to third 1-0: Swinging Strike 1-1: Swinging Strike 1-2: Foul Ball, location: 2F 1-2: Ball 2-2: Strikes out swinging
|
|
Batting: RHB Tim Nettles
|
0-0: Ball 1-0: Ball 2-0: Ball 3-0: Called Strike 3-1: DOUBLE (Line Drive, 8RXD, EV 111.2 MPH) Stephen Van Raalte scores
|
|
Batting: RHB Ben Mischnick
|
0-0: Swinging Strike 0-1: Fly out, F8 (Line Drive, 8RD, EV 95.6 MPH) Runner from 2nd tags up, SAFE at 3rd with throw by CF
|
|
Batting: RHB Leonardo Nava
|
0-0: Ball 1-0: Ball 2-0: Called Strike 2-1: Ground out 6-3 (Groundball, 56, EV 86.9 MPH)
|
| Bottom of the 7th over - 1 run, 2 hits, 0 errors, 1 left on base; San Diego 10 - Los Angeles 6 |
| TOP OF THE 8TH |
|
San Diego Padres batting - Pitching for Los Angeles Dodgers : RHP Craig Fallon
|
|
Batting: RHB Masashi Yukizawa
|
0-0: Ball 1-0: Ball 2-0: Called Strike 2-1: SINGLE (Line Drive, 3D, EV 95.6 MPH)
|
|
Batting: RHB Rodolfo Rivera
|
0-0: Called Strike 0-1: Ball 1-1: Sac Bunt to 15 - play at first, batter OUT! 1-3 Masashi Yukizawa to second
|
|
Batting: RHB Wally Cangro
|
0-0: DOUBLE (Line Drive, 8RD, EV 100.0 MPH) Masashi Yukizawa scores
|
|
Batting: RHB Hildo Pot
|
0-0: Foul Ball, location: 2F 0-1: Fly out, F7 (Flyball, 78M, EV 91.2 MPH)
|
|
Batting: SHB Phil Zacharia
|
0-0: Called Strike 0-1: Foul Ball, location: 2F 0-2: Foul Ball, location: 2F 0-2: Strikes out swinging
|
| Top of the 8th over - 1 run, 2 hits, 0 errors, 1 left on base; San Diego 11 - Los Angeles 6 |
| BOTTOM OF THE 8TH |
|
Los Angeles Dodgers batting - Pitching for San Diego Padres : RHP Raul Almonte
|
|
Batting: SHB Joel Baker
|
0-0: Called Strike 0-1: Ground out 2-3 (Groundball, 2R, EV 72.5 MPH)
|
|
Pinch Hitting: LHB Lirak Bazhunaishvili
|
0-0: Ball 1-0: Ball 2-0: Swinging Strike 2-1: Ball 3-1: Base on Balls
|
|
Pitching: RHP Nate Mull
|
|
|
Batting: SHB Shane Marcum
|
0-0: Called Strike 0-1: Fly out, F6 (Line Drive, 6, EV 68.1 MPH)
|
|
Batting: LHB Juan Concepcion
|
0-0: Ball 1-0: Ball 2-0: Fly out, F9 (Flyball, 89M, EV 96.9 MPH)
|
| Bottom of the 8th over - 0 runs, 0 hits, 0 errors, 1 left on base; San Diego 11 - Los Angeles 6 |
| TOP OF THE 9TH |
|
San Diego Padres batting - Pitching for Los Angeles Dodgers : RHP Craig Fallon
|
|
Now at 2B: Lirak Bazhunaishvili
|
|
|
Batting: LHB Mike Holt
|
0-0: Ground out 4-3 (Groundball, 4, EV 105.6 MPH)
|
|
Batting: RHB Elijah Campbell
|
0-0: Ball 1-0: Ball 2-0: Foul Ball, location: 2F 2-1: SINGLE (Groundball, 6, EV 107.5 MPH)
|
|
Batting: RHB Eisse Bravenboer
|
0-0: Ball 1-0: Ball 2-0: Called Strike Elijah Campbell steals 2nd base 2-1: Ground out U3 (Groundball, 3, EV 106.2 MPH) Elijah Campbell to third
|
|
Pitching: RHP Joon-ho Rhee
|
|
|
Batting: LHB Carlos Cuellar
|
0-0: Called Strike 0-1: Ball 1-1: Foul Ball, location: 2F 1-2: Foul Ball, location: 2F 1-2: SINGLE (Groundball, 6MS, EV 86.9 MPH) (infield hit) Elijah Campbell scores
|
|
Batting: RHB Masashi Yukizawa
|
0-0: Ground out 1-3 (Groundball, 13S, EV 66.9 MPH)
|
| Top of the 9th over - 1 run, 2 hits, 0 errors, 1 left on base; San Diego 12 - Los Angeles 6 |
| BOTTOM OF THE 9TH |
|
Los Angeles Dodgers batting - Pitching for San Diego Padres : RHP Nate Mull
|
|
Batting: LHB Stephen Van Raalte
|
0-0: Ball 1-0: Called Strike 1-1: Ball 2-1: Called Strike 2-2: Ball 3-2: Foul Ball, location: 2F 3-2: Strikes out swinging
|
|
Batting: RHB Danny Dyer
|
0-0: Called Strike 0-1: Swinging Strike 0-2: Fly out, F9 (Flyball, 9, EV 83.8 MPH)
|
|
Batting: RHB Tim Nettles
|
0-0: Swinging Strike 0-1: SOLO HOME RUN (Flyball, 7LD, EV 94.4 MPH), Distance : 354 ft
|
|
Batting: RHB Ben Mischnick
|
0-0: Ball 1-0: Foul Ball, location: 2F 1-1: Foul Ball, location: 2F 1-2: Strikes out swinging
|
| Bottom of the 9th over - 1 run, 1 hit, 0 errors, 0 left on base; San Diego 12 - Los Angeles 7 |
|